 Dungeon Crawl Stone Soup version 0.28.0-53-g5a82cb258f (webtiles) character file.

Game seed: 2736390855220188939

401 Plasmagod the Magician (level 7, 0/45 HPs)
             Began as a Djinni Fire Elementalist on July 26, 2022.
             Slain by Edmund
             ... wielding a +1 vorpal flail
              (1 damage)
             ... on level 5 of the Dungeon.
             The game lasted 00:06:18 (3728 turns).

Plasmagod the Magician (Djinni Fire Elementalist)   Turns: 3728, Time: 00:06:19

Health: 0/45       AC:  5    Str:  7    XL:     7   Next: 11%
Gold:   112        EV: 12    Int: 19    God:
                   SH:  0    Dex: 13

rFire   + + .      SeeInvis .   (no weapon)
rCold   x . .      Faith    .   e - orb {mayhem}
rNeg    . . .      Spirit   .   a - +0 robe
rPois   ∞          Reflect  .   u - +0 helmet
rElec   .          Harm     .   f - +0 cloak
rCorr   .          Rampage  .   l - +0 pair of gloves
Will    .....                   (boots unavailable)
Stlth   ++........              (no amulet)
HPRegen 0.15/turn               (no ring)
MPRegen 0.00/turn               (no ring)

@: flying
A: sickness immunity, fire resistance 2, cold vulnerability 1, float, innate
caster, HP casting, extra vitality 1
a: no special abilities


You were on level 5 of the Dungeon.
You visited 1 branch of the dungeon, and saw 5 of its levels.

You collected 112 gold pieces.

Inventory:

Armour
 a - a +0 robe (worn)
 e - an orb of mayhem (worn)
 f - a +0 cloak (worn)
 l - a +0 pair of gloves (worn)
 u - a +0 helmet (worn)
Jewellery
 b - a +4 ring of slaying
Scrolls
 d - 4 scrolls of amnesia {unknown}
 g - 2 scrolls of immolation {unknown}
 h - a scroll of fear {unknown}
 i - a scroll of noise {unknown}
 j - 6 scrolls of identify {unknown}
 q - a scroll of fog {unknown}
 r - a scroll of enchant weapon {unknown}
 s - a scroll of holy word {unknown}
 t - a scroll of torment {unknown}
Potions
 c - 3 potions of lignification {unknown}
 k - a potion of degeneration {unknown}
 m - a potion of invisibility {unknown}
 n - a potion of curing {unknown}
 o - a potion of haste {unknown}
 p - a potion of ambrosia {unknown}


   Skills:
 + Level 0.2 Fighting
 + Level 2.4 Dodging
 + Level 2.4 Stealth
 + Level 5.4 Spellcasting


You couldn't memorise any spells.
You knew the following spells:

 Your Spells              Type           Power      Damage    Failure   Level
a - Foxfire               Conj/Fire      100%       2x1d9     1%          1
b - Scorch                Fire           50%        2d7       1%          2
c - Conjure Flame         Conj/Fire      25%        6-21      3%          3
d - Inner Flame           Hex/Fire       25%        N/A       3%          3
e - Flame Wave            Conj/Fire      25%        2d7       13%         4
f - Sandblast             Erth           50%        2d12      1%          1
g - Static Discharge      Conj/Air       25%        N/A       1%          2
h - Passwall              Tmut/Erth      20%        N/A       1%          2
Your spell library was empty.

Dungeon Overview and Level Annotations

Branches:
Dungeon (5/15)
 Temple: D:4-7

Altars:
Kikubaaqudgha
Nemelex Xobeh

Annotations:
D:5 Edmund


Innate Abilities, Weirdness & Mutations

You are immune to sickness and miasma.
You are immune to poison.
Your flesh is very heat resistant. (rF++)
You are vulnerable to cold. (rC-)
You float through the air rather than walking.
You learn spells naturally, not from books.
Your magical power is your life essence.
You have superior vitality. (+4 MHP)


Message History

The foxfire hits the jelly!
You kill the jelly!
You conjure some foxfire!
The foxfire hits the orc.
The orc is severely wounded.
The foxfire hits the orc but does no damage.
The orc is severely wounded.
The orc hits you with a +0 mace.
Casting: Foxfire (safe; 1% risk of failure)
Confirm with . or Enter, or press ? or * to list all spells.
The spell is quite dangerous to miscast (13% risk of failure)!
Continue anyway?
Casting: Flame Wave (quite dangerous; 13% risk of failure)
Press: ? - help, Dir - look around, f - activate A wave of flame ripples out!
The flame wave engulfs your foxfire.
Your foxfire completely resists.
The flame wave engulfs the orc but does no damage.
The orc is severely wounded.
The flame wave engulfs your foxfire.
Your foxfire completely resists. (Press . to intensify the flame waves.)
The foxfire hits Edmund but does no damage.
Edmund is lightly wounded.
The foxfire hits the orc.
You kill the orc!
Edmund flies into a frenzy!
A wave of flame ripples out!
The flame wave engulfs Edmund.
Edmund is moderately wounded.
Edmund closely misses you. x2
A wave of flame ripples out!
The flame wave engulfs Edmund.
Edmund is heavily wounded.
The flame wave engulfs something!
You finish channelling waves of flame.
Edmund hits you with a +1 vorpal flail.
Casting: Flame Wave (quite dangerous; 13% risk of failure)
Confirm with . or Enter, or press ? or * to list all spells.
Flames lash something.
Reactivating autopickup.
You feel a bit more experienced. Edmund hits you with a +1 vorpal flail!
* * * LOW HITPOINT WARNING * * *
x2 Edmund hits you with a +1 vorpal flail!
* * * LOW HITPOINT WARNING * * *
You die...

.<.. #...##...#
#...##...#
#........# #
#........# .#
#........# ...
#....:...# ....
#........# ....#
#######'##.....#
......))@.....$#
........@......#
..........!....#
...............+
...............#
...............#
...............#
..............#


You could see the neutral Edmund (fast, strong, insane).

Vanquished Creatures
  A black bear (D:4)
  A wyvern zombie (D:3)
  A jelly (D:5)
  An orc priest (D:5)
  A hound (D:4)
  2 iguanas
  An orc wizard (D:5)
  5 adders
  2 dart slugs
  2 orcs
  6 endoplasms
  6 giant cockroaches
  3 goblins (D:1)
  7 hobgoblins
  2 jackals (D:2)
  3 quokkas
  7 ball pythons
  4 bats
  A frilled lizard (D:3)
  6 kobolds
  2 rats
64 creatures vanquished.

Vanquished Creatures (collateral kills)
  A kobold (D:4)
1 creature vanquished.

Vanquished Creatures (others)
  140 foxfires
140 creatures vanquished.

Grand Total: 205 creatures vanquished

Notes
Turn   | Place    | Note
-------+----------+-------------------------------------------
     0 | D:1      | Plasmagod the Djinni Fire Elementalist began the quest for
                  | the Orb.
     0 | D:1      | Reached XP level 1. HP: 15/15 MP: 0/0
   409 | D:1      | Reached XP level 2. HP: 20/21 MP: 0/0
  1084 | D:2      | Reached skill level 3 in Spellcasting
  1084 | D:2      | Reached XP level 3. HP: 20/25 MP: 0/0
  1084 | D:2      | Learned a level 1 spell: Sandblast
  1612 | D:2      | Reached XP level 4. HP: 27/31 MP: 0/0
  2009 | D:2      | Found a faded altar of an unknown god.
  2051 | D:3      | Reached skill level 4 in Spellcasting
  2051 | D:3      | Reached XP level 5. HP: 12/35 MP: 0/0
  2051 | D:3      | Learned a level 2 spell: Static Discharge
  2313 | D:3      | Found a sparkling altar of Nemelex Xobeh.
  2958 | D:4      | Noticed a black bear
  2963 | D:4      | Killed a black bear
  2964 | D:4      | Reached XP level 6. HP: 32/40 MP: 0/0
  3330 | D:4      | Reached skill level 5 in Spellcasting
  3661 | D:5      | Entered Level 5 of the Dungeon
  3716 | D:5      | Noticed Edmund
  3722 | D:5      | Reached XP level 7. HP: 41/45 MP: 0/0
  3722 | D:5      | Learned a level 2 spell: Passwall
  3728 | D:5      | HP: 1/45 [Edmund/+1 vorpal flail (8)]
  3728 | D:5      | Slain by Edmund

Illustrated notes

Levels and vault maps discovered:
D:1:      sevenhm_arrival_forest_fort_large_2, layout_loops_ring,
          minmay_hexomino_c4
D:2:      layout_loops_ring, dilly_ecumenical_altar_fadedgnrine
D:3:      layout_basic, lemuel_zombie_altar_kikubaaqudgha,
          nemelex_diamond_rough_becter
D:4:      layout_rooms
D:5:      layout_gridville, serial_shops, nicolae_shop_trees,
          uniq_crazy_yiuf_cottage, uniq_edmund

Skill      XL: |  1  2  3  4  5  6 |
---------------+-------------------+-----
Spellcasting   | 3 4 5 |  5.4
Stealth        | 2 |  2.4
Fighting       | |  0.2
Dodging        | |  2.4

Action                   |  1- 3 |  4- 6 |  7- 9 || total
-------------------------+-------+-------+-------++-------
 Cast: Foxfire           |    33 |    51 |     3 ||    87
       Scorch            |    11 |    18 |     1 ||    30
       Flame Wave        |       |       |     1 ||     1
Armor: Robe              |       |     2 |       ||     2
Dodge: Dodged            |     3 |     6 |     2 ||    11
